 Dungeon Sprint DCSS version 0.27-a0-1529-g1e82c303ef (webtiles) character file.

Game seed: 10196158704073945394

1035 mhtbhm the Cleaver (level 8, -6/75 (79) HPs)
             Began as a Minotaur Fighter on July 11, 2021.
             Was a High Priest of Qazlal.
             Killed from afar by an eidolon (33 damage)
             ... with a bolt of negative energy
             ... in the Dungeon (Sprint VII: "The Pits").
             The game lasted 00:01:32 (819 turns).

mhtbhm the Cleaver (Minotaur Fighter)                Turns: 819, Time: 00:01:33

HP:   -6/75 (79)    AC: 16    Str: 24      XL:     8   Next: 3%
MP:   7/7           EV:  8    Int:  4 (5)  God:    Qazlal [*****.]
Gold: 0             SH: 19    Dex:  9      Spells: 7/7 levels left

rFire    . . .     SeeInvis .   a - +2 hand axe (freeze)
rCold    . . .     Faith    .   c - +0 kite shield
rNeg     . . .     Spirit   .   b - +2 plate armour
rPois    .         Reflect  .   (helmet restricted)
rElec    .         Harm     .   (no cloak)
rCorr    .         Rampage  .   (no gloves)
Will     .....     NoTele   +   (no boots)
Stlth    ..........             (no amulet)
HPRegen  0.22/turn              (no ring)
MPRegen  0.10/turn              (no ring)

@: mighty, afraid, slowed, drained, repel missiles, very slow
A: horns 2, retaliatory headbutt
a: Renounce Religion, Upheaval, Elemental Force, Disaster Area


You were in the Dungeon.
You worshipped Qazlal.
Qazlal was extremely pleased with you.
You visited 1 branch

Inventory:

Hand Weapons
 a - a +2 hand axe of freezing (weapon)
Armour
 b - a +2 plate armour (worn)
 c - a +0 kite shield (worn)
Wands
 m - a wand of polymorph (6)
Scrolls
 j - a scroll of blinking
 k - 5 scrolls of amnesia
 l - a scroll of summoning
Potions
 e - 2 potions of invisibility
 f - 6 potions of heal wounds
 g - a potion of haste
 h - 4 potions of magic
 i - 3 potions of berserk rage
 n - 4 potions of curing


   Skills:
 + Level 10.0 Fighting
 + Level 11.2 Axes
 + Level 10.3 Armour
 + Level 5.1 Dodging
 + Level 0.4 Stealth
 + Level 10.9 Shields


You had 7 spell levels left.
You didn't know any spells.
Your spell library was empty.

Dungeon Overview and Level Annotations

Branches:
Dungeon (1/1)

Altars:
Ashenzari
Cheibriados
Dithmenos
Elyvilon
Fedhas
Gozag
Hepliaklqana
Kikubaaqudgha
Makhleb
Nemelex Xobeh
Okawaru
Qazlal
Ru
Sif Muna
Trog
Uskayaw
Vehumet
Wu Jian
Xom
Yredelemnul
Zin
The Shining One
Beogh
Jiyva
Lugonu


Innate Abilities, Weirdness & Mutations

You have a pair of horns on your head.
You reflexively headbutt those who attack you in melee.


Message History

You block the eidolon's attack.
You hit the eidolon but do no damage.
You headbutt the eidolon, but do no damage.
The eidolon is lightly damaged.
The basilisk is engulfed in freezing vapours.
The basilisk seems to slow down.
You block the eidolon's attack. The eidolon hits you!
You feel weakened.
Unknown command.
You attempt to attack the eidolon, but flinch away in fear!
You block the eidolon's attack. x2
The basilisk is engulfed in freezing vapours.
You attempt to attack the eidolon, but flinch away in fear!
You block the eidolon's attack. The eidolon hits you!
You feel dopey.
The basilisk is engulfed in freezing vapours.
The basilisk seems to slow down.
You kill the basilisk!
Qazlal accepts your kill.
You feel your strength returning.
Your Fighting skill increases to level 10!
Your Axes skill increases to level 11!
You have reached level 8!
You feel stronger.
Unknown command.
Unknown command.
You slice the eidolon!! You freeze the eidolon.
The eidolon is moderately damaged.
You block the eidolon's attack.
The eidolon hits you but does no damage.
You block the eidolon's attack. x2
Your plate armour prevents you from hitting the eidolon.
The eidolon is moderately damaged.
You block the eidolon's attack. The eidolon barely misses you.
Unknown command.
Unknown command.
You attempt to attack the eidolon, but flinch away in fear!
The eidolon stares piercingly at you. The bolt of negative energy hits you!!
You feel drained.
You die...

#.#..)..#'###...<...#
#.#........##.......#
#.#........##.......#
#÷###########.......#
#.......#.. #########
#...#...#†# ###
#...#...#.# ...#
#.##.##.#†#☼...#
#...#...#@Wh...+
#...#...#'#°...#
#.......).# ...#
########### ###


You could see an eidolon (scary) and a wolf.

Vanquished Creatures
  A hornet (D)
  A flying skull (D)
  A basilisk (D)
  A warg (D)
  Duvessa (D)
  A sky beast (D)
  Dowan (D)
  A scorpion (D)
  A hound (D)
  A jelly (D)
  A gnoll shaman (D)
  2 river rats (D)
  An adder zombie (D)
  4 endoplasms (D)
  A hobgoblin (D)
  A ball python zombie (D)
  A frilled lizard (D)
  2 rats (D)
23 creatures vanquished.

Notes
Turn   | Place    | Note
-------+----------+-------------------------------------------
     0 | D        | mhtbhm the Minotaur Fighter began the quest for the Orb.
     0 | D        | Reached XP level 1. HP: 19/19 MP: 0/0
    11 | D        | Noticed a scorpion
    17 | D        | Killed a scorpion
    18 | D        | Reached skill level 3 in Axes
    18 | D        | Reached skill level 5 in Shields
    18 | D        | Reached XP level 2. HP: 24/30 MP: 1/1
    18 | D        | Reached XP level 3. HP: 29/37 MP: 2/2
    22 | D        | Found a bloodstained altar of Trog.
    22 | D        | Found a shimmering blue altar of Sif Muna.
    22 | D        | Found a viscous altar of Jiyva.
    22 | D        | Found a hazy altar of Hepliaklqana.
    22 | D        | Found an opulent altar of Gozag.
    23 | D        | Found a glowing golden altar of the Shining One.
    23 | D        | Found a glowing silver altar of Zin.
    23 | D        | Found a basalt altar of Yredelemnul.
    23 | D        | Found a shimmering altar of Xom.
    23 | D        | Found an ornate altar of the Wu Jian Council.
    23 | D        | Found a sacrificial altar of Ru.
    23 | D        | Found a stormy altar of Qazlal.
    23 | D        | Found an iron altar of Okawaru.
    23 | D        | Found a sparkling altar of Nemelex Xobeh.
    23 | D        | Found a burning altar of Makhleb.
    23 | D        | Found a blossoming altar of Fedhas.
    23 | D        | Found a white marble altar of Elyvilon.
    23 | D        | Found a shadowy altar of Dithmenos.
    23 | D        | Found a snail-covered altar of Cheibriados.
    25 | D        | Found a radiant altar of Vehumet.
    25 | D        | Found a corrupted altar of Lugonu.
    26 | D        | Found a hide-covered altar of Uskayaw.
    26 | D        | Found an ancient bone altar of Kikubaaqudgha.
    26 | D        | Found a broken altar of Ashenzari.
    30 | D        | Became a worshipper of Qazlal Stormbringer
    98 | D        | Reached * piety under Qazlal
   105 | D        | Reached skill level 4 in Axes
   105 | D        | Reached XP level 4. HP: 36/44 MP: 3/3
   159 | D        | Noticed Dowan
   159 | D        | Noticed Duvessa
   162 | D        | Reached ** piety under Qazlal
   180 | D        | Killed Duvessa
   181 | D        | Reached skill level 6 in Axes
   181 | D        | Reached XP level 5. HP: 52/52 MP: 4/4
   185 | D        | Killed Dowan
   186 | D        | Reached skill level 7 in Axes
   360 | D        | Noticed a sky beast
   361 | D        | Noticed a flying skull
   362 | D        | Noticed a warg
   365 | D        | Reached *** piety under Qazlal
   377 | D        | Killed a flying skull
   378 | D        | Reached skill level 9 in Axes
   378 | D        | Reached XP level 6. HP: 40/62 MP: 5/5
   384 | D        | Killed a warg
   385 | D        | Reached XP level 7. HP: 27/70 MP: 6/6
   388 | D        | Reached **** piety under Qazlal
   395 | D        | Reached skill level 10 in Axes
   395 | D        | Reached skill level 10 in Shields
   621 | D        | Noticed a hornet
   626 | D        | Paralysed by a hornet for 2 turns
   635 | D        | Killed a hornet
   636 | D        | Reached skill level 10 in Armour
   636 | D        | Reached skill level 5 in Dodging
   797 | D        | Reached ***** piety under Qazlal
   805 | D        | Noticed a basilisk
   805 | D        | Noticed an eidolon
   816 | D        | Killed a basilisk
   817 | D        | Reached skill level 10 in Fighting
   817 | D        | Reached skill level 11 in Axes
   817 | D        | Reached XP level 8. HP: 26/79 MP: 7/7
   819 | D        | Killed from afar by an eidolon

Illustrated notes

Levels and vault maps discovered:
D:        pitsprint [storerooms_1, entrance_room_1, metal_vault_7, armoury_1,
          mini_pit_1, grid_room_1, main_hall_1, silver_pit, the_coven_2,
          the_vestibule_1, steel_vault_5, golden_pit, hallway_of_sentries,
          crystal_vault_6, iron_vault_3, final_vault]

Skill      XL: |  1  2  3  4  5  6  7 |
---------------+----------------------+-----
Fighting       | 6 7 8 9 10 | 10.0
Axes           | 3 4 6 9 11 | 11.2
Armour         | 6 7 8 9 10 | 10.3
Shields        | 5 6 7 9 10 | 10.9
Dodging        | 2 3 4 5 |  5.1
Stealth        | |  0.4

Action                   |  1- 3 |  4- 6 |  7- 9 || total
-------------------------+-------+-------+-------++-------
Melee: War axe           |     4 |       |       ||     4
       Headbutt          |     5 |     6 |     8 ||    19
       Hand axe          |    18 |    45 |    45 ||   108
  Use: Potion            |     1 |       |     2 ||     3
Armor: Scale mail        |     7 |     2 |       ||     9
       Skin              |       |    21 |       ||    21
       Plate armour      |       |     5 |     7 ||    12
Dodge: Dodged            |     5 |     7 |    11 ||    23
Block: Kite shield       |    10 |    34 |    31 ||    75

Table legend: (Time is in decaauts)
 A = Elapsed time spent in this place.
 B = Non-inter-level travel time spent in this place.
 C = Inter-level travel time spent in this place.
 D = Time resting spent in this place.
 E = Time spent auto-exploring this place.
 F = Levels seen in this place.
 G = Mean time per level.
                   A        B        C        D        E       F      G
               +--------+--------+--------+--------+--------+-----+--------+
         Total |    831 |    831 |      0 |    523 |     30 |   1 |  831.0 |
       Dungeon |    831 |    831 |      0 |    523 |     30 |   1 |  831.0 |
               +--------+--------+--------+--------+--------+-----+--------+

Top non-repeatable levels by time:
       D: 831 daAuts
